 Dungeon Crawl Stone Soup version 0.18-a0-1006-g6b5bfb2 (webtiles) character file.

227464 Arkorax the Warrior (level 20, -36/153 HPs)
             Began as a Halfling Fighter on Jan 6, 2016.
             Was the Champion of Okawaru.
             Killed by Shatter
             ... invoked by Jorgrun
              (84 damage)
             ... on level 4 of the Swamp.
             The game lasted 01:30:18 (36914 turns).

Arkorax the Warrior (Halfling Fighter)             Turns: 36914, Time: 01:30:18

Health: -36/153    AC: 41    Str: 21    XL:     20   Next: 16%
Magic:  25/25      EV:  3    Int: 19    God:    Okawaru [******]
Gold:   660        SH:  0    Dex: 21    Spells: 1 memorised, 14 levels left

rFire  + + +     SeeInvis +     b - +5 eveningstar (elec)
rCold  . . .     Gourm    .     Y - +10 plate armour {ponderous}
rNeg   + + +     Faith    .     e - +3 buckler of the Orange Skies {rF+++ MR- SInv Stlth+}
rPois  ∞         Spirit   .     K - +4 hat of Lies {Regen+ Int+9}
rElec  .         Dismiss  .     I - +3 cloak of Slovenliness {Int+3}
rCorr  .         Reflect  .     H - +2 pair of gloves {Str+3}
SustAt .         Harm     .     P - +2 pair of boots {Stlth+}
MR     +....                    y - amulet of regeneration
Stlth  ..........               J - ring of protection from magic
                                z - ring of poison resistance

@: petrified, drained, slow, somewhat resistant to hostile enchantments,
extremely unstealthy
A: mutation resistance 1
a: Heroism, Finesse, Renounce Religion
}: 1/15 runes: serpentine


You were on level 4 of the Swamp.
You worshipped Okawaru.
Okawaru was exalted by your worship.
You were not hungry.

You visited 7 branches of the dungeon, and saw 35 of its levels.
You visited the Abyss 1 time.
You also visited: Labyrinth.

You collected 2979 gold pieces.
You spent 2319 gold pieces at shops.

Inventory:

Hand Weapons
 b - a +5 eveningstar of electrocution (weapon)
 n - a +6 demon whip of venom
 T - the +8 whip "Snakebite" {curare, rPois}
   (Okawaru gifted it to you on level 2 of the Snake Pit)

   It poisons the flesh of those it strikes.
   It protects you from poison.
Missiles
 a - 3 throwing nets (quivered)
Armour
 e - the +3 buckler of the Orange Skies (worn) {rF+++ MR- SInv Stlth+}
   (Okawaru gifted it to you on level 4 of the Lair of Beasts)

   It renders you almost immune to fire.
   It affects your resistance to hostile enchantments.
   It lets you see invisible.
   It makes you more stealthy.
 H - a +2 pair of gloves of strength (worn)
 I - the +3 cloak of Slovenliness (worn) {Int+3}
   (Okawaru gifted it to you on level 12 of the Dungeon)

   It affects your intelligence (+3).
 K - the +4 hat of Lies (worn) {Regen+ Int+9}
   (You acquired it on level 4 of the Snake Pit)

   It affects your intelligence (+9).
   It increases your rate of regeneration.
 P - a +2 pair of boots of stealth (worn)
 Y - a +10 plate armour of ponderousness (worn)
Jewellery
 g - an uncursed ring of see invisible
 y - an amulet of regeneration (around neck)
 z - a ring of poison resistance (left hand)
 J - a ring of protection from magic (right hand)
Wands
 l - a wand of paralysis (11/24)
 B - a wand of teleportation (8/9)
 C - a wand of fireball (3/15)
 D - a wand of draining (2/15)
 R - a wand of cold (7/15)
 U - a wand of digging (3/24)
Scrolls
 k - 3 scrolls of fog
 p - 3 scrolls of enchant armour
 t - 2 scrolls of blinking
 u - 9 scrolls of recharging
 x - 5 scrolls of teleportation
 A - a scroll of fear
 F - 9 scrolls of remove curse
 L - 5 scrolls of magic mapping
 N - a scroll of silence
 Q - 6 scrolls of identify
 Z - 2 scrolls of amnesia
Potions
 c - 2 potions of heal wounds
 d - 2 potions of might
 j - 4 potions of agility
 m - 4 potions of haste
 o - 2 potions of magic
 r - 6 potions of brilliance
 s - 3 potions of curing
 w - 4 potions of cancellation
 E - a potion of cure mutation
 M - 7 potions of resistance
 S - 2 potions of invisibility
Books
 q - a book of Frost

   Spells                             Type                      Level
   a - Freeze                         Ice                          1
   b - Throw Frost                    Conjuration/Ice              2
   c - Ozocubu's Armour               Charms/Ice                   3
   d - Throw Icicle                   Conjuration/Ice              4
   e - Summon Ice Beast               Ice/Summoning                4
   f - Condensation Shield            Ice                          4
 X - a book of Geomancy

   Spells                             Type                      Level
   a - Sandblast                      Earth                        1
   b - Stoneskin                      Transmutation/Earth          2
   c - Passwall                       Transmutation/Earth          3
   d - Stone Arrow                    Conjuration/Earth            3
   e - Petrify                        Transmutation/Earth          4
   f - Lee's Rapid Deconstruction     Earth                        5
Miscellaneous
 V - a fan of gales
Comestibles
 f - 3 bread rations
 h - a meat ration
 i - 3 slices of pizza
 v - 8 beef jerkies
 G - 10 royal jellies
 O - 5 fruits


   Skills:
 + Level 17.8(17.7) Fighting
   Level 5.0(4.9) Long Blades
 - Level 17.1(17.0) Maces & Flails
 + Level 13.5(13.4) Armour
 + Level 12.3(12.2) Dodging
 - Level 6.5(6.4) Shields
 - Level 6.7(6.6) Invocations


You had 14 spell levels left.
You knew the following spells:

 Your Spells              Type           Power        Failure   Level  Hunger
a - Phase Shift           Tloc           #.........   100%        5    ######.


Dungeon Overview and Level Annotations

Branches:
Dungeon (15/15)            Temple (1/1) D:5            Lair (8/8) D:10
  Swamp (4/4) Lair:3        Snake (4/4) Lair:3        Slime (0/6) Lair:6
    Orc (2/2) D:12            Elf (0/3) Orc:2        Vaults (0/5) D:13
 Depths (1/5) D:15

Altars:
Ashenzari
Cheibriados
Dithmenos
Elyvilon
Fedhas
Gozag
Kikubaaqudgha
Makhleb
Nemelex Xobeh
Okawaru
Pakellas
Qazlal
Ru
Sif Muna
Trog
Vehumet
Xom
Yredelemnul
Zin
The Shining One

Shops:
D:7 (   D:10 !(   Orc:2 [(=*   Snake:3 *

Annotations:
D:14 exclusion: 2 ice statues
Lair:7 exclusion: oklob plant
Swamp:4 Jorgrun
Snake:1 exclusion: Roxanne, Roxanne
Depths:1 Arkorax's ghost, adept VSMo


Innate Abilities, Weirdness & Mutations

You are small and have problems with some larger weapons.
You are somewhat resistant to further mutation.


Message History

Jorgrun points at you and mumbles some strange words.
You are slowing down.
Found a scroll of recharging.
Jorgrun is nearby!
Your limbs are stiffening.
No target in view!
You have turned to stone.
Jorgrun splashes around in the water.
Jorgrun gestures at you while chanting. Jorgrun hits you but does no damage.
Jorgrun mumbles some strange words.
The dungeon rumbles around Jorgrun!
You shudder from the earth-shattering force.
Ouch! That really hurt!
Ka-crash!
Jorgrun casts a spell.
The dungeon rumbles around Jorgrun!
You shudder from the earth-shattering force.
Ouch! That really hurt!
You die...

,,,,,**≈≈,,...≈≈≈.*≈≈≈≈.♣♣♣♣≈♣♣♣♣
≈,≈≈,***≈.....≈≈..≈♣≈≈.≈♣.≈≈≈≈*♣♣
*,≈≈≈≈≈,≈≈.≈≈≈≈≈≈.≈♣≈.≈≈..≈≈≈≈≈♣≈
*,≈≈≈≈≈≈,≈≈≈≈≈≈≈≈..≈♣♣....≈≈≈.≈♣♣
*,≈≈≈≈≈≈≈≈≈≈≈..≈≈≈..≈♣≈≈.....♣**♣
**≈≈≈≈≈≈≈≈≈≈≈≈.≈≈≈≈....≈[≈≈≈≈♣ ♣♣
*≈≈≈,,,,§§≈.≈.≈≈≈≈....≈≈≈≈≈.♣♣♣.
**≈≈≈**,≈≈?.§.g§≈....§≈≈≈≈≈<<≈..
*≈,***≈,,.♣♣≈≈@.§♣≈..≈≈≈≈≈..♣♣♣
**≈***≈≈≈...♣♣≈≈♣♣≈≈..≈≈...≈...
****≈≈≈≈≈≈,*♣♣≈♣♣≈....≈.≈≈≈≈≈≈
*,≈≈≈≈≈,* ♣≈♣♣≈.♣♣.≈≈≈≈≈≈.
*≈,,≈≈,≈* ≈♣♣♣♣♣♣♣.≈≈..≈♣
****≈,*** ♣♣ ♣♣♣≈.♣♣♣ **≈******
♣♣≈..♣ *,*≈≈≈≈* ♣.≈≈♣ **≈≈≈,**
♣≈.≈♣


You could see Jorgrun.

Vanquished Creatures
  Rupert (D:14)
  A tentacled starspawn (Abyss:3)
  3 thorn hunters
  Kirke (Snake:3)
  Agnes (Snake:1)
  8 greater nagas
  Louise (D:15)
  Maud (D:12)
  An orc warlord (Orc:2)
  Aizul (Snake:3)
  A reaper (Abyss:3)
  A dire elephant (D:15)
  Azrael (Snake:2)
  Snorg (Lair:7)
  An eidolon (Abyss:3)
  Josephine (D:14)
  A minotaur (Lab)
  Harold (D:12)
  Erolcha (D:9)
  2 ghost crabs
  A catoblepas (Lair:6)
  9 hydras
  4 centaur warriors
  14 anacondas
  22 naga warriors
  An ogre mage (Orc:2)
  4 alligators
  2 death knights
  5 orc high priests (Orc:2)
  3 tengu warriors
  A queen ant (Lair:8)
  A hell hog (Abyss:3)
  A thrashing horror (Abyss:3)
  4 shock serpents
  14 naga sharpshooters
  Nergalle (D:12)
  9 sea snakes (Snake:4)
  A wretched star (Abyss:3)
  2 wizards (D:14)
  2 unseen horrors
  A giant orange brain (Abyss:3)
  7 naga ritualists
  A shambling mangrove (Swamp:2)
  11 hill giants
  A swamp dragon (Swamp:3)
  3 orc knights
  2 griffons
  A sixfirhy (Abyss:3)
  6 orc sorcerers
  A wolf spider (D:14)
  2 deep elf magi
  14 mana vipers
  17 ugly things
  10 salamanders
  2 cyclopes
  2 centaur zombies
  45 black mambas
  A manticore (Lair:4)
  13 elephants
  26 naga magi
  An eye of devastation (Lair:6)
  12 guardian serpents
  Joseph (D:7)
  Psyche (D:9)
  3 smoke demons (Abyss:3)
  17 spiny frogs
  3 gargoyles
  3 centaur skeletons
  A kobold demonologist (D:13)
  14 komodo dragons
  3 efreet
  2 spriggan druids
  10 fire drakes
  2 ancient zymes (Abyss:3)
  A queen bee (D:10)
  4 trolls
  2 tengu conjurers (D:13)
  8 two-headed ogres
  10 polar bears
  5 giant leeches
  7 bog bodies
  2 large abominations (Abyss:3)
  15 slime creatures
  6 blink frogs
  A raiju (Abyss:3)
  A trapdoor spider (D:11)
  Sigmund (D:2)
  17 spriggans
  2 redbacks (Lair:8)
  46 yaks
  3 vampires
  A shadow (D:14)
  5 wyverns
  8 hungry ghosts
  4 wraiths
  3 fire elementals (Snake:2)
  2 hogs (Snake:3)
  9 basilisks
  A neqoxec (Abyss:3)
  33 wolves
  9 vampire mosquitoes
  13 hippogriffs
  A steam dragon (Lair:5)
  4 wargs
  18 swamp worms
  77 nagas
  12 insubstantial wisps
  6 soldier ants
  17 water moccasins
  Duvessa (D:6)
  2 hell hounds
  3 ice beasts
  16 porcupines
  10 swamp drakes
  3 black bears
  23 orc warriors
  3 necrophages (D:12)
  3 phantoms
  10 wasps
  4 eyes of draining
  2 sky beasts
  16 ogres
  3 small abominations (Abyss:3)
  8 centaurs
  18 crocodiles
  4 big kobolds
  Blork the orc (D:6)
  29 giant frogs
  A wyvern zombie (D:13)
  Dowan (D:6)
  6 scorpions
  42 killer bees
  7 wights (D:15)
  6 crimson imps
  4 giant frog zombies
  A quasit (D:10)
  A wyvern simulacrum (D:12)
  5 hounds
  6 jellies
  13 orc priests
  A giant frog skeleton (D:4)
  A gnoll shaman (D:3)
  An iron imp (Abyss:3)
  17 orc wizards
  6 iguanas
  13 worker ants
  17 sheep
  2 hound skeletons
  A hound zombie (D:11)
  2 worker ant zombies
  7 gnolls
  7 adders
  61 river rats
  2 shadow imps
  An adder skeleton (D:9)
  An adder zombie (D:8)
  2 worms
  4 giant geckos
  74 orcs
  8 bats
  3 giant cockroaches
  12 goblins
  12 hobgoblins
  5 quokkas
  3 ball pythons
  A giant gecko zombie (D:5)
  3 giant newts
  34 kobolds
  2 quokka skeletons
  A quokka zombie (D:3)
  9 rats
  2 briar patches (Swamp:3)
  A bush (D:12)
  A fungus (Orc:2)
1293 creatures vanquished.

Vanquished Creatures (others)
  A wretched star (Abyss:3)
  An unseen horror (D:15)
  2 raiju (Abyss:3)
  5 humans (Snake:3)
  A naga (Snake:4)
  A swamp worm (Swamp:4)
  A wasp (Swamp:2)
  A hound (shapeshifter) (D:14)
  An orc wizard (D:12)
  A river rat (Lair:4)
  A briar patch (Swamp:3)
  19 fungi
  8 plants
  6 starspawn tentacles (Abyss:3)
  12 starspawn tentacle segments (Abyss:3)
61 creatures vanquished.

Grand Total: 1354 creatures vanquished

Notes
Turn   | Place    | Note
--------------------------------------------------------------
     0 | D:1      | Arkorax the Halfling Fighter began the quest for the Orb.
     0 | D:1      | Reached XP level 1. HP: 15/15 MP: 1/1
    90 | D:1      | Reached XP level 2. HP: 20/20 MP: 2/2
   441 | D:1      | Reached XP level 3. HP: 26/26 MP: 3/3
   679 | D:2      | Found an ancient bone altar of Kikubaaqudgha.
  1262 | D:2      | Reached XP level 4. HP: 29/31 MP: 4/4
  1476 | D:2      | Noticed Sigmund
  1486 | D:2      | Killed Sigmund
  1486 | D:2      | Reached skill level 4 in Fighting
  1486 | D:2      | Reached XP level 5. HP: 25/38 MP: 5/5
  1486 | D:2      | Reached XP level 6. HP: 28/44 MP: 6/6
  1709 | D:3      | Found an oddly glowing altar of Pakellas.
  2577 | D:4      | Found a sand-covered staircase.
  2934 | D:3      | Reached skill level 5 in Fighting
  2953 | D:3      | Reached skill level 5 in Long Blades
  3075 | D:4      | Reached XP level 7. HP: 47/50 MP: 7/7
  3108 | D:4      | Reached skill level 1 in Maces & Flails
  3697 | D:4      | Noticed a water elemental
  3699 | D:4      | Found a stormy altar of Qazlal.
  3700 | D:4      | Noticed a fire elemental
  3700 | D:4      | Noticed an air elemental
  3726 | D:5      | Entered Level 5 of the Dungeon
  3848 | D:5      | Reached XP level 8. HP: 48/56 MP: 8/8
  4018 | D:5      | Found a shadowy altar of Dithmenos.
  4276 | D:5      | Found a staircase to the Ecumenical Temple.
  4291 | Temple   | Entered the Ecumenical Temple
  4547 | Temple   | Became a worshipper of Warmaster Okawaru
  4755 | D:6      | Noticed Duvessa
  4755 | D:6      | Noticed Dowan
  4764 | D:6      | Killed Duvessa
  4774 | D:6      | Killed Dowan
  4774 | D:6      | Reached skill level 6 in Fighting
  5050 | D:6      | Noticed Blork the orc
  5061 | D:6      | Reached * piety under Okawaru
  5067 | D:6      | Killed Blork the orc
  5067 | D:6      | Reached skill level 5 in Maces & Flails
  5470 | D:7      | Found Suibrid's Antique Weapon Boutique.
  5685 | D:7      | Reached XP level 9. HP: 49/63 MP: 9/9
  5729 | D:7      | Noticed Joseph
  5766 | D:7      | Killed Joseph
  5820 | D:7      | Reached skill level 7 in Fighting
  6171 | D:8      | Reached ** piety under Okawaru
  6206 | D:8      | Noticed a two-headed ogre
  6238 | D:8      | Killed a two-headed ogre
  6306 | D:8      | Noticed a two-headed ogre
  6310 | D:8      | Killed a two-headed ogre
  6320 | D:8      | Reached XP level 10. HP: 43/72 MP: 10/10
  6369 | D:8      | Reached *** piety under Okawaru
  6388 | D:8      | Reached skill level 8 in Fighting
  7098 | D:9      | Noticed Erolcha
  7105 | D:9      | HP: 1/109 [Erolcha/giant club (19)]
  7111 | D:9      | Killed Erolcha
  7111 | D:9      | Reached **** piety under Okawaru
  7111 | D:9      | Reached skill level 9 in Fighting
  7527 | D:9      | Identified a scroll of acquirement
  7667 | D:9      | Noticed Psyche
  7674 | D:9      | Killed Psyche
  7674 | D:9      | Received a gift from Okawaru
  7816 | D:9      | Reached XP level 11. HP: 80/80 MP: 11/11
  8472 | D:10     | Entered Level 10 of the Dungeon
  8688 | D:10     | Found Zaeciwn's Weapon Shoppe.
  8750 | D:10     | Reached skill level 10 in Fighting
  8801 | D:10     | Reached skill level 10 in Maces & Flails
  8806 | D:10     | Reached ***** piety under Okawaru
  9191 | D:10     | Found a staircase to the Lair.
  9259 | D:10     | Found Tonul's Distillery.
  9269 | D:10     | Bought a potion of berserk rage for 60 gold pieces
  9269 | D:10     | Bought a potion of heal wounds for 60 gold pieces
  9269 | D:10     | Bought a potion of might for 48 gold pieces
  9284 | D:10     | Received a gift from Okawaru
  9363 | D:10     | HP: 4/82 [gargoyle/stone arrow (24)]
  9798 | Lair:1   | Entered Level 1 of the Lair of Beasts
  9818 | Lair:1   | Reached skill level 11 in Fighting
 10185 | Lair:1   | Reached skill level 1 in Dodging
 10185 | Lair:1   | Reached XP level 12. HP: 37/90 MP: 12/12
 12196 | Lair:2   | Received a gift from Okawaru
 12436 | Lair:3   | Received a gift from Okawaru
 12519 | Lair:3   | Reached skill level 5 in Armour
 12583 | Lair:3   | Received a gift from Okawaru
 12958 | Lair:3   | Found a staircase to the Swamp.
 12964 | Lair:3   | Reached skill level 5 in Dodging
 12988 | Lair:3   | Received a gift from Okawaru
 12991 | Lair:3   | Got a fine scale mail {god gift}
 13002 | Lair:3   | Identified the +3 scale mail "Wef Ymon" {rC+} (Okawaru gifted it to you on level 3 of the Lair of Beasts)
 13260 | Lair:3   | Reached XP level 13. HP: 78/96 MP: 11/13
 13368 | Lair:3   | Found a staircase to the Snake Pit.
 13797 | Lair:4   | Reached skill level 12 in Fighting
 13855 | Lair:4   | Found a labyrinth entrance.
 13855 | Lair:4   | Noticed a four-headed hydra
 13865 | Lab      | Entered a labyrinth
 14033 | Lab      | Noticed a minotaur
 14043 | Lab      | Killed a minotaur
 14111 | Lair:4   | Killed a four-headed hydra
 14229 | Lair:4   | Reached ****** piety under Okawaru
 14549 | Lair:4   | Noticed a five-headed hydra
 14562 | Lair:4   | Killed a five-headed hydra
 14683 | Lair:4   | Received a gift from Okawaru
 14694 | Lair:4   | Got a spiked buckler {god gift}
 14700 | Lair:4   | Identified the +3 buckler of the Orange Skies {rF+++ MR- SInv Stlth+} (Okawaru gifted it to you on level 4 of the Lair of Beasts)
 15458 | Lair:5   | Reached skill level 5 in Shields
 15668 | Lair:5   | Got a jewelled scale mail
 15679 | Lair:5   | Identified the +6 scale mail of Otouh {rPois} (You found it on level 5 of the Lair of Beasts)
 15792 | Lair:5   | Reached XP level 14. HP: 104/104 MP: 14/14
 16171 | Lair:6   | Found a staircase to the Slime Pits.
 17147 | Lair:7   | Noticed Snorg
 17343 | Lair:7   | Received a gift from Okawaru
 17440 | Lair:7   | Found a shattered altar of Ashenzari.
 17744 | Lair:7   | Killed Snorg
 18064 | Lair:8   | Entered Level 8 of the Lair of Beasts
 18084 | Lair:8   | Reached skill level 13 in Fighting
 18718 | Lair:8   | Received a gift from Okawaru
 18879 | Lair:8   | Reached skill level 10 in Dodging
 18950 | Lair:8   | Reached XP level 15. HP: 103/111 MP: 15/15
 20952 | D:12     | Noticed Maud
 20972 | D:12     | Killed Maud
 20972 | D:12     | Received a gift from Okawaru
 20972 | D:12     | Reached skill level 14 in Maces & Flails
 20975 | D:12     | Got a faintly humming cloak {god gift}
 20981 | D:12     | Identified the +3 cloak of Slovenliness {Int+3} (Okawaru gifted it to you on level 12 of the Dungeon)
 21160 | D:12     | Noticed Harold
 21211 | D:12     | Killed Harold
 21283 | D:12     | Found a staircase to the Orcish Mines.
 21637 | D:12     | Found a blossoming altar of Fedhas.
 21670 | D:12     | Noticed Nergalle
 21685 | D:12     | Killed Nergalle
 22318 | D:13     | Found a gate to the Vaults.
 22870 | D:14     | Noticed Rupert
 22884 | D:14     | Killed Rupert
 22884 | D:14     | Reached XP level 16. HP: 110/119 MP: 14/16
 22994 | D:14     | Noticed Josephine
 23002 | D:14     | Killed Josephine
 23012 | D:14     | Received a gift from Okawaru
 23028 | D:14     | Got a slimy demon blade {god gift}
 23029 | D:14     | Identified the +11 demon blade of Xoudd {drain, +Fly Str+7} (Okawaru gifted it to you on level 14 of the Dungeon)
 23031 | D:14     | Found a frozen archway.
 23126 | D:14     | Reached skill level 15 in Maces & Flails
 23236 | D:14     | Got a pitted lead ring
 23238 | D:14     | Identified the ring of Temptation {*Corrode rElec rC+ rN+ Int+5} (You found it on level 14 of the Dungeon)
 23794 | D:15     | Entered Level 15 of the Dungeon
 23946 | D:15     | Found a staircase to the Depths.
 23951 | Depths:1 | Entered Level 1 of the Depths
 23951 | Depths:1 | Noticed Arkorax's ghost (adept VSMo)
 24071 | D:15     | Paralysed by an orc sorcerer for 3 turns
 24141 | D:15     | Received a gift from Okawaru
 24163 | D:15     | Got a faintly glowing demon blade {god gift}
 24164 | D:15     | Identified the +6 demon blade "Zylaggux" {venom, Str+4 Int+4} (Okawaru gifted it to you on level 15 of the Dungeon)
 24423 | D:15     | Noticed Louise
 24436 | D:15     | Cast into level 3 of the Abyss (Louise)
 24664 | Abyss:3  | Noticed a tentacled starspawn
 24685 | Abyss:3  | Killed a tentacled starspawn
 24685 | Abyss:3  | Reached skill level 16 in Maces & Flails
 24737 | Abyss:3  | Noticed a revenant
 24911 | Abyss:3  | Noticed a tentacled starspawn
 24925 | D:15     | Escaped the Abyss
 24934 | D:15     | Killed Louise
 24934 | D:15     | Received a gift from Okawaru
 24934 | D:15     | Reached XP level 17. HP: 92/126 MP: 17/17
 24938 | D:15     | Reached skill level 15 in Fighting
 25328 | Orc:1    | Entered Level 1 of the Orcish Mines
 25381 | Orc:2    | Entered Level 2 of the Orcish Mines
 25558 | Orc:2    | Found Digituq's Antique Armour Shoppe.
 25568 | Orc:2    | Found a staircase to the Elven Halls.
 25782 | Orc:2    | Bought a glowing helmet for 171 gold pieces
 25782 | Orc:2    | Bought a glowing plate armour for 874 gold pieces
 25893 | Orc:2    | Found Elonakhi's Antique Weapon Boutique.
 26030 | Orc:2    | Found Xeqewk's General Store.
 26083 | Orc:2    | Bought 2 scrolls of teleportation for 72 gold pieces
 26130 | Orc:2    | Found an iron altar of Okawaru.
 26150 | Orc:2    | Found Wianweil's Jewellery Shop.
 26320 | Orc:2    | Paralysed by an orc sorcerer for 6 turns
 26715 | Orc:2    | Bought an uncursed ring of poison resistance for 280 gold pieces
 26715 | Orc:2    | Bought an uncursed ring of protection from magic for 350 gold pieces
 26932 | Snake:1  | Entered Level 1 of the Snake Pit
 27190 | Snake:1  | Noticed Agnes
 27201 | Snake:1  | Killed Agnes
 27201 | Snake:1  | Received a gift from Okawaru
 27830 | Snake:1  | Received a gift from Okawaru
 27857 | Snake:1  | Reached skill level 17 in Maces & Flails
 28213 | Snake:1  | Noticed Roxanne
 28727 | Snake:2  | Reached skill level 1 in Invocations
 28748 | Snake:2  | Noticed Azrael
 28783 | Snake:2  | Killed Azrael
 28917 | Snake:2  | Reached XP level 18. HP: 135/135 MP: 19/19
 29800 | Snake:2  | Received a gift from Okawaru
 30662 | Snake:3  | Reached skill level 10 in Armour
 30663 | Snake:3  | Noticed Kirke
 30785 | Snake:3  | Killed Kirke
 30975 | Snake:3  | Noticed Aizul
 30993 | Snake:3  | Killed Aizul
 31053 | Snake:3  | Found Beneze's Assorted Antiques.
 31067 | Snake:3  | Bought a scroll of enchant weapon for 202 gold pieces
 31067 | Snake:3  | Bought a scroll of enchant weapon for 202 gold pieces
 31346 | Snake:4  | Entered Level 4 of the Snake Pit
 31615 | Snake:4  | Reached skill level 5 in Invocations
 31680 | Snake:4  | Received a gift from Okawaru
 32100 | Snake:4  | Got an encrusted hat
 32122 | Snake:3  | Identified the +4 hat of Lies {Regen+ Int+9} (You acquired it on level 4 of the Snake Pit)
 32429 | Snake:4  | Reached XP level 19. HP: 128/143 MP: 23/23
 33135 | Snake:4  | Received a gift from Okawaru
 33833 | Snake:4  | Received a gift from Okawaru
 33946 | Snake:4  | Got a serpentine rune of Zot
 34198 | Swamp:1  | Entered Level 1 of the Swamp
 34319 | Swamp:1  | Learned a level 5 spell: Phase Shift
 35784 | Swamp:3  | Received a gift from Okawaru
 35929 | Swamp:3  | Reached XP level 20. HP: 153/153 MP: 25/25
 36748 | Swamp:4  | Entered Level 4 of the Swamp
 36905 | Swamp:4  | Noticed Jorgrun
 36914 | Swamp:4  | Killed from afar by Jorgrun

Vault maps used:
D:1:      dpeg_arrival_pits
D:2:      marbit_many_paths, minmay_goblin_kobold_house, uniq_sigmund
D:3:      grunt_pakellas_mercury
D:4:      nicolae_qazlal_style_of_elements, first_bread,
          nicolae_ossuary_entry_ruins
D:5:      temple_hall, grunt_dithmenos_smoke_and_mirrors
D:6:      corner_web_ring, uniq_duvessa, uniq_blork_the_orc
D:7:      serial_shops, shop, the_bakery, uniq_joseph
D:8:      minmay_ornate_pinched
D:9:      uniq_psyche, uniq_erolcha
D:10:     erik_lair_orcish_takeover, special_room, serial_shops, shop, shop,
          glass_columns_b
D:11:     nrook_guardian_serpent_double
D:12:     erik_orc_1, fedhas_altar_decomposition, uniq_maud, uniq_harold,
          uniq_nergalle
D:13:     david_vaults_1
D:14:     portal_ice_cave_entry_ice_statue_02, serial_park_tiny_1,
          minmay_pinched_square, uniq_rupert, uniq_josephine
D:15:     hangedman_depths_entry_try_elsewhere_first, uniq_louise
Temple:   kilobyte_greek_temple_18
Lair:1:   minivault_27, beast_lair_carwin_3
Lair:2:   beast_lair_carwin_5, infiniplex_staircase_pool_2
Lair:3:   minmay_swamp_entry_worms, dummy_snake_entry, beast_lair_carwin_7,
          grunt_megastairs_1, lemuel_fruit_fields
Lair:4:   lab_entry_generic, grunt_megastairs_3
Lair:6:   minmay_slime_entry_eyes
Lair:7:   fungi_pond_lemuel, lemuel_oklob_altar, uniq_snorg
Lair:8:   minmay_lair_end_enchanted_forest, wad_woods_antlair
Swamp:1:  hangedman_swamp_ruin_hall, hangedman_swamp_lotus, swamp_pool3,
          ldierk_geyser
Swamp:2:  evilmike_swamp_ruin_house_4
Swamp:3:  evilmike_swamp_ruin_rubble_1, swamp_pool4, hangedman_swamp_cone
Swamp:4:  swamp_pestilence, uniq_jorgrun
Snake:1:  grunt_ministairs_9, st_stairs_12, uniq_agnes, uniq_roxanne
Snake:2:  grunt_megastairs_2, uniq_azrael
Snake:3:  serial_shops, nicolae_shop_overgrown_old_shop,
          nicolae_snake_double_loop, uniq_aizul, uniq_kirke
Snake:4:  grunt_snake_rune_pools
Orc:2:    grunt_orc_gardens, grunt_orc_garden, grunt_orc_garden,
          grunt_orc_garden, grunt_orc_garden, okawaru_metal_pillars_1_2
Depths:1: evilmike_cross, serial_sigils_hangedman_gut, hellmouth_1,
          hangedman_decor_opposing, lemuel_flame_loot_1, firewood_loft,
          uniq_nikola
Abyss:3:  hangedman_cross_veins, minivault_24
Lab:      nicolae_lab_dead_adventurers, nicolae_lab_starburst,
          nicolae_lab_swirl, nicolae_lab_grate, nicolae_lab_statue,
          labyrinth_glass_1, lab_hedge, nicolae_lab_stuck, nicolae_lab_plus,
          labyrinth_fake_exit, nicolae_lab_diamond, nicolae_lab_big_swirl,
          nicolae_lab_x

Action                   |  1- 3 |  4- 6 |  7- 9 | 10-12 | 13-15 | 16-18 | 19-21 || total
-------------------------+-------+-------+-------+-------+-------+-------+-------++-------
Melee: Long sword        |   115 |    49 |       |       |       |       |       ||   164
       Short sword       |       |    72 |       |       |       |       |       ||    72
       Whip              |       |     4 |   230 |   914 |  1801 |       |     9 ||  2958
       Eveningstar       |       |       |       |       |    77 |  1624 |   678 ||  2379
       Demon blade       |       |       |       |       |       |    13 |       ||    13
       Demon whip        |       |       |       |       |       |       |   216 ||   216
Throw: Throwing net      |       |     1 |       |       |       |       |       ||     1
Invok: Heroism           |       |       |     2 |     4 |    10 |    18 |     1 ||    35
       Finesse           |       |       |       |       |       |     3 |       ||     3
Evoke: Wand              |       |       |       |       |     1 |     4 |     2 ||     7
  Use: Potion            |       |     2 |       |     4 |     5 |    11 |       ||    22
       Scroll            |       |       |    21 |     5 |    17 |    18 |     6 ||    67
 Stab: Petrified         |       |       |       |       |     3 |       |       ||     3
       Sleeping          |       |       |       |       |     3 |     3 |       ||     6
       Confused          |       |       |       |       |     1 |       |       ||     1
       Distracted        |       |       |       |       |       |     1 |       ||     1
       Invisible         |       |       |       |       |       |     2 |       ||     2
  Eat: Chunk             |     1 |     1 |     3 |     3 |     4 |     1 |     1 ||    14
       Meat ration       |       |     1 |     1 |       |     4 |     2 |     2 ||    10
       Bread ration      |       |       |     2 |     5 |     4 |     2 |     1 ||    14
       Pizza             |       |       |       |       |       |     3 |     1 ||     4
       Royal jelly       |       |       |       |       |       |     5 |       ||     5
